 Dungeon Crawl Stone Soup version 0.27.1-4-g1640c2035a (webtiles) character file.

Game seed: 13929340700755615802

30 wingedge the Bolt Thrower (level 3, -1/31 HPs)
             Began as a Gargoyle Hunter on Nov 1, 2021.
             Slain by a goblin (3 damage)
             ... led by Robin
             ... on level 2 of the Dungeon.
             The game lasted 00:05:15 (526 turns).

wingedge the Bolt Thrower (Gargoyle Hunter)          Turns: 526, Time: 00:05:16

Health: -1/31      AC: 21    Str: 12 (15) XL:     3   Next: 20%
Magic:  3/3        EV:  2    Int:  9 (11) God:
Gold:   41         SH:  0    Dex:  8 (11) Spells: 2/2 levels left

rFire    . . .     SeeInvis .   b - +0 short sword
rCold    . . .     Faith    .   (no shield)
rNeg     + + +     Spirit   .   (armour currently unavailable)
rPois    ∞         Reflect  .   (helmet currently unavailable)
rElec    .         Harm     .   (cloak currently unavailable)
rCorr    .         Rampage  .   (gloves currently unavailable)
Will     .....     NoTele   +   (boots currently unavailable)
Stlth    +.........             (no amulet)
HPRegen  0.10/turn              (no ring)
MPRegen  0.08/turn              (no ring)

@: tree-form
A: stationary, stasis, torment immunity, boosted hp, sickness immunity, AC +3,
negative energy resistance 1, (electricity resistance), torment resistance 1,
petrification resistance
a: no special abilities


You were on level 2 of the Dungeon.
You were a tree.
You visited 1 branch of the dungeon, and saw 2 of its levels.

You collected 41 gold pieces.

Inventory:

Hand Weapons
 a - a +1 hand crossbow
 b - a +0 short sword (weapon)
 h - a +0 hand axe
Missiles
 e - 23 sling bullets
 k - 20 arrows
Armour
 c - a +0 leather armour (melded)
 l - a +0 pair of gloves
Scrolls
 g - a scroll of acquirement {unknown}
 j - a scroll of identify {unknown}
Potions
 f - a potion of lignification


   Skills:
 + Level 2.2 Fighting
 + Level 0.1 Short Blades
 + Level 4.9 Crossbows
 + Level 0.3 Armour
 + Level 1.6 Dodging
 + Level 1.1 Stealth


You had 2 spell levels left.
You didn't know any spells.
Your spell library contained the following spells:

 Spells                   Type           Power      Damage    Failure   Level
 Magic Dart               Conj           0%         1d3       38%         1
 Call Imp                 Summ           0%         N/A       52%         2
 Mephitic Cloud           Conj/Pois/Air  0%         N/A       77%         3
 Petrify                  Tmut/Erth      0%         N/A       99%         4
 Irradiate                Conj/Tmut      0%         3d13      100%        5
 Sublimation of Blood     Necr           Unusable   N/A       N/A         2

Dungeon Overview and Level Annotations

Branches:
Dungeon (2/15)

Altars:


Innate Abilities, Weirdness & Mutations

You are a tree.
Your roots penetrate the ground, keeping you stationary.
You cannot be teleported.
You are immune to unholy pain and torment.
Your maximum health is greatly increased.
Your equipment is partially melded.
You are immune to sickness and miasma.
((Your stone body is resilient. (AC +3)))
You are immune to poison.
You resist negative energy. (rN+)
((You are resistant to electric shocks. (rElec)))
You are resistant to unholy torment.
You are immune to petrification.


Message History

You hit the hobgoblin.
The hobgoblin is severely wounded.
The goblin hits you with a +0 dagger.
* * * LOW HITPOINT WARNING * * *
The hobgoblin completely misses you. The goblin barely misses you.
The goblin hits you with a +0 dagger.
* * * LOW HITPOINT WARNING * * *
You hit the hobgoblin but do no damage.
The hobgoblin is severely wounded.
The hobgoblin hits you but does no damage.
The goblin hits you but does no damage. The goblin barely misses you.
You barely miss the hobgoblin.
The hobgoblin is severely wounded.
The hobgoblin barely misses you. The goblin hits you but does no damage.
The goblin hits you with a +0 dagger.
* * * LOW HITPOINT WARNING * * *
It was a potion of degeneration.
There was something very wrong with that liquid.
You feel weakened.
You feel dopey.
You feel clumsy.
The hobgoblin hits you but does no damage.
The goblin hits you but does no damage. The goblin hits you with a +0 dagger.
* * * LOW HITPOINT WARNING * * *
Sorry, you're not good enough to have a special ability.
Okay, then.
You hit the hobgoblin but do no damage.
The hobgoblin is severely wounded.
The hobgoblin hits you but does no damage.
The goblin hits you but does no damage. x2
You hit the hobgoblin.
You kill the hobgoblin!
The goblin hits you but does no damage. x2
You hit the goblin.
You kill the goblin!
The goblin hits you but does no damage.
You miss the goblin. The goblin hits you but does no damage.
You barely miss the goblin. The goblin hits you but does no damage.
You hit the goblin.
The goblin is severely wounded.
The goblin hits you with a +0 dagger.
You die...

#. #.#####
####..(..##
#....((...##
.....(....##
#...).....#. #
#..g)(...... #.
#..)♣†......
###..##.......#..
.............##
######.#...##
##.##### #...#
#...#####...
###.<.....#
#.#####.#


You could see a goblin.

Vanquished Creatures
  A ball python (D:1)
  2 bats (D:1)
  An endoplasm (D:2)
  7 goblins
  7 hobgoblins
  2 kobolds
  2 quokkas (D:1)
  2 rats (D:1)
24 creatures vanquished.

Notes
Turn   | Place    | Note
-------+----------+-------------------------------------------
     0 | D:1      | wingedge the Gargoyle Hunter began the quest for the Orb.
     0 | D:1      | Reached XP level 1. HP: 12/12 MP: 1/1
   251 | D:1      | Reached XP level 2. HP: 17/17 MP: 2/2
   502 | D:2      | Reached XP level 3. HP: 21/21 MP: 3/3
   520 | D:2      | HP: 1/31 [goblin[Robin] (2)]
   526 | D:2      | Slain by a goblin

Illustrated notes

Levels and vault maps discovered:
D:1:      dpeg_arrival_yet_another_circle, layout_basic
D:2:      layout_loops_cross, shapermc_ecumenical_altar_notcrosses, uniq_robin,
          uniq_crazy_yiuf_cottage

Action                   || total
-------------------------++-------
Melee: Short sword       ||    21
 Fire: Hand crossbow     ||    42
  Use: Potion            ||     2
Armor: Leather armour    ||    11
       Skin              ||    23
Dodge: Dodged            ||    29
